 Dungeon Crawl Stone Soup version 0.24.1-14-gf8d2b509d9 (webtiles) character file.

Game seed: 4253946460745742947, levelgen mode: deterministic

43862 Bodigarde the Reanimator (level 13, -10/99 HPs)
             Began as a Mummy Necromancer on May 19, 2020.
             Was an Elder of Cheibriados.
             Mangled by an ice devil (11 damage)
             ... summoned by an orc sorcerer
             ... on level 1 of the Orcish Mines.
             The game lasted 01:37:29 (26049 turns).

Bodigarde the Reanimator (Mummy Necromancer)       Turns: 26049, Time: 01:37:30

Health: -10/99     AC: 13    Str: 25    XL:     13   Next: 93%
Magic:  2/36       EV: 10    Int: 33    God:    Cheibriados [****..]
Gold:   1013       SH: 15    Dex: 24    Spells: 24/33 levels left

rFire    . . .     SeeInvis .   b - +0 flail
rCold    + . .     Gourm    .   x - +0 large shield
rNeg     + + +     Faith    .   n - +4 chain mail {rF+}
rPois    ∞         Spirit   .   (no helmet)
rElec    .         Reflect  .   g - +0 cloak
rCorr    .         Harm     .   z - +0 pair of gloves "Wojaladi" {Regen+ Int+4}
MR       ++...                  c - -5 pair of boots of Riosailo {MR+ Int+5}
Stlth    ..........             (no amulet)
HPRegen  0.66/turn              p - ring of magical power
MPRegen  0.25/turn              (no ring)

@: very slow
A: no food or potions, fire vulnerability, cold resistance 1, negative energy
resistance 3, torment resistance, unbreathing, in touch with death 1
a: Bend Time, Temporal Distortion, Slouch, Renounce Religion


You were on level 1 of the Orcish Mines.
You worshipped Cheibriados.
Cheibriados was greatly pleased with you.
You were not hungry.

You visited 3 branches of the dungeon, and saw 17 of its levels.

You collected 1013 gold pieces.

Inventory:

Hand Weapons
 a - a +0 whip
 b - a +0 flail (weapon)
Missiles
 d - 490 stones
 h - 15 boomerangs (quivered)
 r - 4 throwing nets
Armour
 c - the -5 pair of boots of Riosailo (worn) {MR+ Int+5}
   (You found it on level 10 of the Dungeon)

   It affects your intelligence (+5).
   It affects your resistance to hostile enchantments.
 g - a +0 cloak (worn)
 n - a +4 chain mail of fire resistance (worn)
 x - a +0 large shield (worn)
 z - the +0 pair of gloves "Wojaladi" (worn) {Regen+ Int+4}
   (You found it on level 4 of the Lair of Beasts)

   It affects your intelligence (+4).
   It increases your rate of regeneration.
Jewellery
 p - a ring of magical power (left hand)
Wands
 k - a wand of polymorph (6)
 m - a wand of paralysis (24)
 s - a wand of iceblast (24)
 A - a wand of acid (10)
Scrolls
 e - 4 scrolls of enchant weapon
 f - a scroll of holy word
 i - 4 scrolls of amnesia
 j - a scroll of fog
 l - 3 scrolls of remove curse
 o - 4 scrolls of identify
 q - 2 scrolls of enchant armour
 t - a scroll of blinking {unknown}
 v - 3 scrolls of silence
 y - a scroll of immolation
Miscellaneous
 B - a fan of gales


   Skills:
 + Level 8.6 Fighting
 * Level 10.1 Maces & Flails
 + Level 6.4 Armour
 + Level 7.4 Dodging
 - Level 1.5 Stealth
 + Level 2.5 Shields
 + Level 10.5 Spellcasting
 + Level 11.4 Necromancy
 + Level 7.2 Invocations


You had 24 spell levels left.
You knew the following spells:

 Your Spells              Type           Power        Failure   Level  Hunger
a - Pain                  Necr           ####         2%          1    N/A
b - Animate Skeleton      Necr           N/A          2%          1    N/A
c - Vampiric Draining     Necr           #######...   9%          3    N/A
d - Animate Dead          Necr           N/A          26%         4    N/A

Your spell library contained the following spells:

 Spells                   Type           Power        Failure   Level  Hunger
 Corona                   Hex            ###....      96%         1    N/A
 Ensorcelled Hibernation  Hex/Ice        ###...       99%         2    N/A
 Poisonous Vapours        Pois/Air       ###...       99%         2    N/A
 Sticks to Snakes         Tmut           ###.....     99%         2    N/A
 Confuse                  Hex            ###.....     100%        3    N/A
 Conjure Flame            Conj/Fire      ###.....     100%        3    N/A
 Dazzling Spray           Conj/Hex       ###...       100%        3    N/A
 Mephitic Cloud           Conj/Pois/Air  ###.....     100%        3    N/A
 Tukima's Dance           Hex            ###.....     100%        3    N/A
 Freezing Cloud           Conj/Ice/Air   ###.......   100%        6    N/A
 Ring of Flames           Chrm/Fire      ###.......   100%        7    N/A
 Regeneration             Chrm/Necr      Unusable     N/A         3    N/A
 Beastly Appendage        Tmut           Unusable     N/A         1    N/A
 Spider Form              Tmut/Pois      Unusable     N/A         3    N/A
 Ice Form                 Ice/Tmut       Unusable     N/A         4    N/A
 Blade Hands              Tmut           Unusable     N/A         5    N/A

Dungeon Overview and Level Annotations

Branches:
Dungeon (10/15)            Temple (0/1) D:7            Lair (6/6) D:9
  Swamp (0/4) Lair:2        Snake (0/4) Lair:2        Slime (0/5) Lair:5
    Orc (1/2) D:10

Altars:
Cheibriados
Hepliaklqana
Makhleb
Ru
Trog
Uskayaw
Xom
Jiyva

Shops:
D:9 :

Annotations:
Lair:4 2 transporters


Innate Abilities, Weirdness & Mutations

You do not eat or drink.
Your flesh is vulnerable to fire.
You are immune to poison.
Your flesh is cold resistant. (rC+)
You are immune to negative energy. (rN+++)
You are immune to unholy pain and torment.
You can survive without breathing.
You are in touch with the powers of death.


Message History

* * * LOW HITPOINT WARNING * * *
The orc sorcerer closely misses you.
The orc priest mumbles some strange prayers to Beogh against you.
Beogh smites you!
* * * LOW HITPOINT WARNING * * *
You block the ice devil's attack.
Casting: Vampiric Draining (safe; 9% risk of failure)
Confirm with . or Enter, or press ? or * to list all spells.
Aiming: Vampiric Draining (safe; 9% risk of failure)
Press: ? - help, Shift-Dir - straight line, f/p - orc sorcerer
Aim: an orc sorcerer, wielding a +0 dagger and wearing a +1 robe of positive energy (almost dead)
You feel a surge of power!
The orc sorcerer is almost dead.
You feel life coursing into your body. You block the orc warrior's attack.
The orc sorcerer hits you with a +0 dagger.
* * * LOW HITPOINT WARNING * * *
The ice devil hits you.
* * * LOW HITPOINT WARNING * * *
The ice devil freezes you! You resist.
You die...

.... ..>$ .....
..... ......
....3o#
#....oooo##
........#@##
..... #4.$# #...
##..##
#..####...#
#.....#..##
##.#......<.#
#...........#...
#................
..........#......


You could see a soul eater, an ice devil, an orc sorcerer, an orc warrior, an
orc priest, an orc wizard and an orc.

Vanquished Creatures
  Harold (D:7)
  5 hydras
  A catoblepas (Lair:5)
  4 two-headed ogres
  7 death yaks
  A lindwurm (Lair:6)
  6 elephants
  6 black mambas
  7 spiny frogs
  2 torpor snails
  2 rime drakes
  6 komodo dragons
  7 polar bears
  A tyrant leech (Lair:2)
  2 hornets (Lair:6)
  9 blink frogs
  Grinder (D:4)
  3 dream sheep (Lair:6)
  7 hippogriffs
  10 spriggans
  Sigmund (D:2)
  23 yaks
  3 fire bats (Lair:5)
  2 basilisks (Lair:3)
  A hungry ghost (D:10)
  A warg (D:9)
  3 swamp worms (Lair:2)
  11 water moccasins
  4 porcupines
  Duvessa (D:7)
  4 ice beasts
  7 orc warriors
  A necrophage (D:10)
  A phantom (D:4)
  2 ogres
  4 black bears
  21 wolves
  6 centaurs
  5 boggarts (Lair:6)
  10 crocodiles
  10 bullfrogs
  Blork the orc (D:5)
  A wyvern skeleton (D:6)
  Dowan (D:7)
  4 scorpions
  2 water moccasin skeletons
  5 killer bees
  4 electric eels (Lair:5)
  8 crimson imps
  2 bullfrog zombies
  12 orc wizards
  3 bullfrog skeletons
  10 orc priests
  2 centaur skeletons (D:6)
  5 hounds
  Ijyb (D:5)
  2 iguanas
  5 worker ants
  2 hound skeletons
  A howler monkey zombie (D:10)
  4 gnolls (D:5)
  A howler monkey skeleton (D:7)
  8 adders
  A shadow imp (D:4)
  3 oozes
  2 adder skeletons (D:5)
  4 worms
  A dart slug (D:1)
  A leopard gecko (D:6)
  41 orcs
  6 giant cockroaches
  7 goblins
  4 hobgoblins
  12 jackals
  2 quokkas
  2 ball pythons
  8 bats
  9 frilled lizards
  11 kobolds
  A quokka skeleton (D:5)
  8 rats
416 creatures vanquished.

Vanquished Creatures (collateral kills)
  3 blink frogs (Lair:3)
  A hippogriff (Lair:3)
  A yak (Lair:5)
  3 spriggans (Lair:6)
  A warg (D:9)
  An orc warrior (D:10)
  A phantom (D:7)
  2 ogres (D:9)
  5 wolves
  A crocodile (Lair:5)
  2 bullfrogs (D:9)
  A scorpion (D:9)
  A quasit (D:9)
  A hound (D:7)
  A centaur skeleton (D:9)
  An orc priest (D:7)
  2 orc wizards (D:9)
  A worker ant (D:6)
  3 adders
  An adder zombie (D:9)
  3 orcs
  A giant cockroach (D:3)
  2 frilled lizards
  A jackal zombie (D:2)
  A leopard gecko zombie (D:7)
  A plant (Lair:2)
42 creatures vanquished.

Vanquished Creatures (others)
  A howler monkey (D:5)
  A worker ant (D:5)
  A bush (Lair:6)
  11 fungi
  27 plants
41 creatures vanquished.

Grand Total: 499 creatures vanquished

Notes
Turn   | Place    | Note
-------+----------+-------------------------------------------
     0 | D:1      | Bodigarde the Mummy Necromancer began the quest for the
                  | Orb.
     0 | D:1      | Reached XP level 1. HP: 13/13 MP: 4/4
     9 | D:1      | Learned a level 1 spell: Animate Skeleton
   250 | D:1      | Reached XP level 2. HP: 20/20 MP: 3/5
  1174 | D:2      | Reached XP level 3. HP: 23/25 MP: 0/7
  1302 | D:2      | Learned a level 3 spell: Vampiric Draining
  1367 | D:2      | Reached skill level 1 in Fighting
  1821 | D:2      | Noticed Sigmund
  1911 | D:3      | Found a snail-covered altar of Cheibriados.
  1950 | D:3      | Became a worshipper of Cheibriados the Contemplative
  2240 | D:3      | Reached XP level 4. HP: 32/32 MP: 6/8
  2336 | D:3      | Learned a level 4 spell: Animate Dead
  3022 | D:4      | Got a distressingly furry leather armour
  3037 | D:4      | Identified the cursed +1 leather armour of Onoux {rC- MR-
                  | Str+9} (You found it on level 4 of the Dungeon)
  3199 | D:4      | Reached skill level 1 in Maces & Flails
  3609 | D:4      | Reached XP level 5. HP: 23/38 MP: 2/10
  3613 | D:4      | Reached * piety under Cheibriados
  3808 | D:4      | Reached skill level 5 in Necromancy
  4159 | D:4      | Noticed Grinder
  4689 | D:4      | Reached XP level 6. HP: 21/44 MP: 11/11
  5122 | D:4      | Paralysed by Grinder for 3 turns
  5126 | D:4      | Killed Grinder
  5430 | D:5      | Entered Level 5 of the Dungeon
  5430 | D:5      | Noticed Blork the orc
  5435 | D:4      | Reached XP level 7. HP: 29/51 MP: 7/13
  5582 | D:5      | Found a bloodstained altar of Trog.
  5582 | D:5      | Found a sacrificial altar of Ru.
  5682 | D:4      | Reached skill level 6 in Necromancy
  6129 | D:5      | Noticed Ijyb
  6151 | D:5      | Killed Ijyb
  6556 | D:5      | Reached ** piety under Cheibriados
  6711 | D:5      | Reached skill level 1 in Invocations
  6765 | D:5      | Reached XP level 8. HP: 30/58 MP: 15/15
  7129 | D:5      | Found a shimmering altar of Xom.
  7376 | D:5      | Killed Blork the orc
  7376 | D:5      | Reached skill level 5 in Spellcasting
  7717 | D:2      | Killed Sigmund
  8100 | D:6      | Reached skill level 1 in Armour
  8282 | D:6      | Reached skill level 7 in Necromancy
  8324 | D:6      | Reached *** piety under Cheibriados
  8500 | D:6      | Found a hide-covered altar of Uskayaw.
  8869 | D:7      | Found a staircase to the Ecumenical Temple.
  8976 | D:7      | Noticed Duvessa
  8976 | D:7      | Noticed Dowan
  8995 | D:7      | Killed Duvessa
  8995 | D:7      | Reached XP level 9. HP: 61/65 MP: 10/17
  9012 | D:7      | Killed Dowan
  9249 | D:7      | Reached **** piety under Cheibriados
  9594 | D:7      | Noticed Harold
  9613 | D:7      | Killed Harold
  9613 | D:7      | Reached skill level 5 in Maces & Flails
  9613 | D:7      | Reached skill level 8 in Necromancy
 10628 | D:8      | Noticed a two-headed ogre
 10638 | D:8      | Killed a two-headed ogre
 10638 | D:8      | Reached skill level 5 in Fighting
 10638 | D:8      | Reached XP level 10. HP: 60/74 MP: 6/20
 10732 | D:8      | Found a hazy altar of Hepliaklqana.
 11568 | D:9      | Found Siryov's Book Shop.
 11920 | D:9      | Noticed a two-headed ogre
 11940 | D:9      | Killed a two-headed ogre
 11978 | D:9      | Reached skill level 9 in Necromancy
 12310 | D:9      | Found a staircase to the Lair.
 12534 | D:9      | Found a burning altar of Makhleb.
 12825 | Lair:1   | Entered Level 1 of the Lair of Beasts
 12953 | Lair:1   | Reached skill level 5 in Dodging
 13375 | Lair:1   | Noticed a spiny frog
 13381 | Lair:1   | Killed a spiny frog
 13640 | Lair:1   | Reached XP level 11. HP: 61/81 MP: 17/22
 13793 | Lair:1   | Noticed a five-headed hydra
 13800 | Lair:1   | Killed a five-headed hydra
 14040 | Lair:1   | Noticed a six-headed hydra
 14050 | Lair:1   | Killed a six-headed hydra
 14868 | Lair:2   | Found a staircase to the Snake Pit.
 14894 | Lair:2   | You fall into a shaft and drop 1 floor!
 15602 | Lair:3   | Reached ***** piety under Cheibriados
 15602 | Lair:3   | Reached skill level 10 in Necromancy
 15841 | Lair:3   | Reached skill level 5 in Invocations
 16838 | Lair:4   | Found a transporter.
 16847 | Lair:4   | Got a pair of scorched gloves
 16858 | Lair:4   | Identified the cursed +0 pair of gloves "Wojaladi" {Regen+
                  | Int+4} (You found it on level 4 of the Lair of Beasts)
 17019 | Lair:4   | Noticed a death yak
 17354 | Lair:4   | You fall into a shaft and drop 2 floors!
 17354 | Lair:6   | Entered Level 6 of the Lair of Beasts
 17354 | Lair:6   | Noticed a death yak
 17354 | Lair:6   | Noticed a death yak
 17357 | Lair:6   | Noticed a death yak
 17372 | Lair:6   | Reached XP level 12. HP: 68/89 MP: 21/24
 17800 | Lair:6   | Noticed a catoblepas
 17881 | Lair:6   | Noticed a death yak
 17885 | Lair:6   | Noticed a death yak
 17918 | Lair:6   | Reached skill level 5 in Armour
 18245 | Lair:4   | Found a transporter.
 18521 | Lair:4   | Killed a death yak
 19873 | Lair:2   | Noticed a six-headed hydra
 19891 | Lair:2   | Killed a six-headed hydra
 20193 | Lair:2   | Found a staircase to the Swamp.
 20235 | Lair:2   | Noticed a six-headed hydra
 20249 | Lair:2   | Killed a six-headed hydra
 20249 | Lair:2   | Gained mutation: You are in touch with the powers of death.
                  | [Mummy growth]
 20249 | Lair:2   | Reached XP level 13. HP: 29/98 MP: 18/26
 20877 | Lair:5   | Found a viscous altar of Jiyva.
 20877 | Lair:5   | Found a staircase to the Slime Pits.
 21491 | Lair:5   | Reached skill level 11 in Necromancy
 22315 | Lair:6   | Reached skill level 1 in Shields
 22875 | Lair:5   | Reached skill level 10 in Spellcasting
 24416 | Lair:6   | Reached skill level 10 in Maces & Flails
 24695 | D:10     | Entered Level 10 of the Dungeon
 24954 | D:10     | Noticed a reaper
 25200 | D:10     | Got a pair of twisted boots
 25211 | D:10     | Identified the -5 pair of boots of Riosailo {MR+ Int+5}
                  | (You found it on level 10 of the Dungeon)
 25897 | D:10     | Found a staircase to the Orcish Mines.
 26024 | Orc:1    | Entered Level 1 of the Orcish Mines
 26049 | Orc:1    | HP: 1/99 [ice devil[an orc sorcerer] (5)]
 26049 | Orc:1    | Mangled by an ice devil

Levels and vault maps discovered:
D:1:      nzn_arrival_settlement, layout_loops_ring
D:2:      layout_rooms, uniq_sigmund
D:3:      layout_basic, old_standard_altar
D:4:      layout_basic, uniq_grinder
D:5:      layout_basic, xom_confusion_cloud, grunt_temple_overflow_open,
          first_ration, uniq_ijyb, uniq_blork_the_orc
D:6:      layout_gridville, basic_altar
D:7:      layout_cave_pools, temple_hall, minmay_misc_feat_secret_circle,
          uniq_duvessa, uniq_harold
D:8:      minmay_evil_eye, layout_cave_pods, kennysheep_mini,
          kennysheep_generic_room_3
D:9:      layout_irregular_city, nicolae_overflow_hidden_temple,
          erik_lair_orcish_takeover, serial_shops, shop
D:10:     layout_irregular_city, david_orc_4
Lair:1:   layout_regular_city, cheibrodos_lair_lostbears
Lair:2:   layout_chaotic_city, palyth_hydra_swamp_entry, dummy_snake_entry,
          hangedman_lair_unloving_vines
Lair:3:   layout_roguey, portal_ice_cave_entry_pillars_2
Lair:4:   gammafunk_cloud_chamber, layout_gridlike
Lair:5:   layout_gridlike, dpeg_slime_entry_enclosed_altar, serial_bayou_shore_a
Lair:6:   minmay_lair_end_enchanted_forest, layout_regular_city,
          nicolae_volcano_entry_s_turn, nicolae_lair_grove_arrangements,
          lemuel_fruit_fields
Orc:1:    layout_caves, basic_altar

Skill      XL: |  1  2  3  4  5  6  7  8  9 10 11 12 13 |
---------------+----------------------------------------+-----
Spellcasting   | 3 4 5 6 7 8 9 10 | 10.5
Fighting       | 1 2 3 4 5 6 7 8 |  8.6
Dodging        | 2 3 4 5 6 7 |  7.4
Maces & Flails | 1 2 3 4 5 6 7 9 10 | 10.1
Necromancy     | 5 6 7 8 9 10 11 | 11.4
Invocations    | 1 2 3 4 5 6 7 |  7.2
Armour         | 1 2 3 4 5 6 |  6.4
Shields        | 2 |  2.5
Stealth        | |  1.5

Action                   |  1- 3 |  4- 6 |  7- 9 | 10-12 | 13-15 || total
-------------------------+-------+-------+-------+-------+-------++-------
Melee: Whip              |    22 |    17 |       |       |       ||    39
       Flail             |       |    63 |   458 |   765 |   543 ||  1829
Throw: Boomerang         |     1 |     2 |    23 |    11 |     4 ||    41
 Cast: Pain              |    85 |    47 |    33 |    54 |    33 ||   252
       Animate Skeleton  |    28 |     1 |     5 |       |       ||    34
       Animate Dead      |       |    11 |    18 |    44 |    24 ||    97
       Vampiric Draining |       |     2 |    27 |   111 |   122 ||   262
Invok: Bend Time         |       |       |     2 |    12 |     6 ||    20
       Temporal Distorti |       |       |     2 |       |     1 ||     3
       Slouch            |       |       |       |     6 |     4 ||    10
       Step From Time    |       |       |       |       |     2 ||     2
Evoke: Wand              |       |     2 |     1 |     4 |     2 ||     9
       Phantom mirror    |       |       |       |       |     1 ||     1
  Use: Scroll            |       |     4 |     6 |     9 |     4 ||    23
 Stab: Sleeping          |       |     1 |     1 |       |       ||     2
       Distracted        |       |       |       |     1 |     1 ||     2
Armor: Robe              |    11 |    13 |    14 |       |       ||    38
       Leather armour    |       |       |    22 |       |       ||    22
       Chain mail        |       |       |   166 |   608 |   309 ||  1083
       Ring mail         |       |       |     2 |       |       ||     2
Dodge: Dodged            |    28 |    63 |   314 |   721 |   321 ||  1447
Block: Large shield      |       |       |       |       |   352 ||   352
